 Dungeon Crawl Stone Soup version 0.27-b1-41-gafb5482f4b (webtiles) character file.

Game seed: 11007197079086413301

157 pikapanic the Cutter (level 5, -1/44 HPs)
             Began as a Palentonga Berserker on July 28, 2021.
             Was a Believer of Trog.
             Slain by Grinder (9 damage)
             ... on level 3 of the Dungeon.
             The game lasted 00:05:42 (2277 turns).

pikapanic the Cutter (Palentonga Berserker)         Turns: 2277, Time: 00:05:43

Health: -1/44      AC:  6    Str: 21    XL:     5   Next: 15%
Magic:  5/5        EV:  9    Int:  8    God:    Trog [**....]
Gold:   122        SH:  0    Dex:  9    Spells: 4/4 levels left

rFire    . . .     SeeInvis +   d - +1 short sword (vamp)
rCold    . . .     Faith    .   (no shield)
rNeg     . . .     Spirit   .   c - +0 ring mail
rPois    .         Reflect  .   (no helmet)
rElec    .         Harm     .   (no cloak)
rCorr    .         Rampage  .   (no gloves)
Will     ++...                  (no barding)
Stlth    ..........             (no amulet)
HPRegen  1.14/turn              (no ring)
MPRegen  0.09/turn              (no ring)

@: strong-willed, on berserk cooldown, regenerating, slowed, very slow
A: large, rugged brown scales 3, see invisible, deformed body, roll 1, armoured
tail
a: Rolling Charge, Renounce Religion, Berserk, Trog's Hand


You were on level 3 of the Dungeon.
You worshipped Trog.
Trog was pleased with you.
You visited 1 branch of the dungeon, and saw 3 of its levels.

You collected 122 gold pieces.

Inventory:

Hand Weapons
 a - a +0 short sword
 d - a +1 vampiric short sword (weapon)
Armour
 b - a +0 animal skin
 c - a +0 ring mail (worn)
Jewellery
 i - a ring of protection from cold
Scrolls
 g - a scroll of fog
Potions
 e - 3 potions of curing
 f - a potion of might {unknown}
 h - a potion of lignification {unknown}


   Skills:
 + Level 3.7 Fighting
 * Level 5.0 Short Blades
 + Level 2.2 Armour
 - Level 1.6 Dodging


You had 4 spell levels left.
You didn't know any spells.
Your spell library was empty.

Dungeon Overview and Level Annotations

Branches:
Dungeon (3/15)

Altars:

Annotations:
D:3 Grinder


Innate Abilities, Weirdness & Mutations

You are completely covered in rugged brown scales. (AC +3, +7% HP)
You have supernaturally acute eyesight. (SInv)
Armour fits poorly on your strangely shaped body.
You can roll at nearby foes to attack.
You have a long armoured tail.


Message History

You hit Grinder.
Grinder is heavily wounded.
Grinder blinks!
The ball python barely misses you.
You closely miss the ball python. The ball python barely misses you.
You closely miss the ball python.
Grinder blinks!
You barely miss the ball python.
Your tail-slap misses the ball python.
The ball python completely misses you.
You puncture the ball python!
You feel better.
You kill the ball python!
Trog accepts your kill.
You see here a ball python corpse.
You feel a strong urge to attack something.
You are too berserk!
You are too berserk!
Grinder misses you.
You feel your anger nearly subside.
You are no longer berserk.
You are exhausted.
You feel yourself slow down.
You hit Grinder.
Grinder is heavily wounded.
Grinder gestures at you. Pain shoots through your body!
* * * LOW HITPOINT WARNING * * *
Grinder blinks!
Your skin crawls.
You feel strong-willed.
A ball python comes into view.
Grinder hits you but does no damage.
The ball python moves out of view.
You hit Grinder. You tail-slap Grinder.
Grinder is severely wounded.
Grinder says, "Tell me all your secrets, or I'll kill you."
Grinder hits you.
* * * LOW HITPOINT WARNING * * *
You writhe in agony.
* * * LOW HITPOINT WARNING * * *
You hit Grinder.
Grinder is severely wounded.
Grinder hits you!
You die...

#######.# ######..††...#
########....#.###############
#..(.>.......†...............
#.###.##.##.#.###############
#.# #.......#.####### #†#
#......5@........ #.#
##.#....#.####### #.#
#......#.# #.######.##.#.#
#.......<...#.#
#############.# ... #.#


You could see Grinder.

Vanquished Creatures
  Jessica (D:2)
  Terence (D:2)
  3 gnolls (D:2)
  An adder (D:2)
  4 dart slugs
  5 bats
  5 endoplasms (D:2)
  3 giant cockroaches (D:2)
  5 goblins
  3 hobgoblins
  6 jackals (D:2)
  4 quokkas
  5 ball pythons
  2 frilled lizards (D:2)
  4 kobolds
  6 rats
58 creatures vanquished.

Notes
Turn   | Place    | Note
-------+----------+-------------------------------------------
     0 | D:1      | pikapanic the Palentonga Berserker began the quest for the
                  | Orb.
     0 | D:1      | Reached XP level 1. HP: 19/19 MP: 1/1
    80 | D:1      | Found a faded altar of an unknown god.
   204 | D:1      | Reached XP level 2. HP: 13/25 MP: 2/2
   912 | D:2      | Noticed Jessica
   920 | D:2      | Killed Jessica
   921 | D:2      | Reached skill level 4 in Short Blades
   921 | D:2      | Reached XP level 3. HP: 24/31 MP: 3/3
  1244 | D:2      | Reached ** piety under Trog
  1344 | D:2      | Reached XP level 4. HP: 22/37 MP: 4/4
  1769 | D:2      | Noticed Terence
  1780 | D:2      | Killed Terence
  1971 | D:2      | Reached XP level 5. HP: 40/43 MP: 5/5
  2167 | D:3      | Reached skill level 5 in Short Blades
  2208 | D:3      | Noticed Grinder
  2223 | D:3      | Paralysed by Grinder for 4 turns
  2239 | D:3      | Paralysed by Grinder for 7 turns
  2248 | D:3      | Paralysed by Grinder for 6 turns
  2277 | D:3      | Slain by Grinder

Illustrated notes

Levels and vault maps discovered:
D:1:      dpeg_arrival_ternary, layout_basic,
          chequers_ecumenical_altar_simple_redux
D:2:      minmay_general_purpose_star, layout_basic, minmay_statues_item,
          uniq_terence, uniq_jessica
D:3:      cheibrodos_old_hovel, layout_basic, mainiacjoe_overflow_alcove_2,
          serial_shops, shop, uniq_grinder, uniq_ijyb

Skill      XL: |  1  2  3  4  5 |
---------------+----------------+-----
Short Blades   | 4 5 |  5.0
Armour         | 2 |  2.2
Fighting       | |  3.7
Dodging        | |  1.6

Action                   |  1- 3 |  4- 6 || total
-------------------------+-------+-------++-------
Melee: Short sword       |    90 |    80 ||   170
       Tailslap          |     8 |    12 ||    20
Invok: Berserk           |     1 |     2 ||     3
       Trog's Hand       |       |     2 ||     2
 Abil: Rolling Charge    |    23 |    14 ||    37
  Use: Scroll            |     2 |       ||     2
Armor: Ring mail         |    20 |    32 ||    52
       Animal skin       |     2 |       ||     2
       Skin              |       |    17 ||    17
Dodge: Dodged            |    26 |    57 ||    83
